 Dungeon Crawl Stone Soup version 0.30-a0-1066-g63dfefce0d (webtiles) character file.

Game seed: 16566503893051489367

10465 BubbleThief the Destroyer (level 11, -1/100 HPs)
             Began as a Naga Cinder Acolyte on Apr 12, 2023.
             Was a High Priest of Ignis.
             Slain by a wolf (8 damage)
             ... in a Gauntlet on Apr 13, 2023.
             The game lasted 00:23:44 (10280 turns).

BubbleThief the Destroyer (Naga Cinder Acolyte)    Turns: 10280, Time: 00:23:45

Health: -1/100     AC: 14    Str: 18    XL:     11   Next: 62%
Magic:  5/20       EV:  9    Int: 16    God:    Ignis [*****.]
Gold:   700        SH:  0    Dex:  8    Spells: 12/22 levels left

rFire   + . .      SeeInvis +    x - +4 mace
rCold   . . .      Faith    .    (no shield)
rNeg    . . .      Spirit   .    K - +1 steam dragon scales
rPois   +          Reflect  .    i - +0 helmet
rElec   .          Rampage  .    J - +0 cloak
rCorr   .          NoTele   +    t - +0 pair of gloves
Will    ++...                    (no barding)
Stlth   +                        z - amulet of regeneration
HPRegen 1.16/turn                j - +4 ring of protection
MPRegen 0.17/turn                k - ring of willpower

@: very slow
A: AC +3, large, see invisible, deformed body, poison resistance, slowness 2,
spit poison 1, naga tail 1
a: Spit Poison, Renounce Religion, Fiery Armour, Foxfire Swarm, Rising Flame


You were in a Gauntlet.
You worshipped Ignis.
Ignis was extremely pleased with you.
You visited 1 branch of the dungeon, and saw 11 of its levels.
You also visited: Gauntlet.

You collected 700 gold pieces.

Inventory:

Hand Weapons
 a - a -1 mace of flaming
 x - a +4 mace (weapon)
Armour
 i - a +0 helmet (worn)
 t - a +0 pair of gloves (worn)
 G - the +4 chain mail of the Ladybird {Str+10}
   (You found it on level 7 of the Dungeon)

   Str:       It affects your strength (+10).
 J - a +0 cloak (worn)
 K - +1 steam dragon scales (worn)
Jewellery
 e - an amulet of reflection
 j - a +4 ring of protection (left hand)
 k - a ring of willpower (right hand)
 z - an amulet of regeneration (around neck)
 B - a ring of resist corrosion
Wands
 b - a wand of light (12)
 y - a wand of polymorph (4)
 F - a wand of iceblast (8)
Scrolls
 h - 10 scrolls of identify
 m - 5 scrolls of teleportation
 n - a scroll of acquirement
 u - a scroll of enchant armour
 v - 2 scrolls of blinking
 C - a scroll of enchant weapon
 E - a scroll of torment {unknown}
Potions
 c - 2 potions of cancellation
 d - 4 potions of brilliance {unknown}
 f - 4 potions of heal wounds {unknown}
 g - 5 potions of curing
 l - 3 potions of attraction {unknown}
 o - 4 potions of haste {unknown}
 p - 2 potions of invisibility {unknown}
 r - 4 potions of lignification {unknown}
 s - 2 potions of magic {unknown}
 w - 3 potions of flight {unknown}
 A - a potion of berserk rage {unknown}
 D - a potion of might {unknown}
 H - a potion of mutation {unknown}


   Skills:
 + Level 7.4 Fighting
 + Level 7.6 Maces & Flails
 - Level 6.0 Spellcasting
 - Level 10.0 Conjurations
 - Level 10.0 Fire Magic


You had 12 spell levels left.
You knew the following spells:

 Your Spells              Type           Power      Damage    Failure   Level
a - Scorch                Fire           72%        2d8       1%          2
b - Flame Wave            Conj/Fire      36%        2d10      2%          4
c - Sticky Flame          Conj/Fire      36%        2d6       2%          4

Your spell library contained the following spells:

 Spells                   Type           Power      Damage    Failure   Level
 Dazzling Flash           Conj/Hex       40%        N/A       5%          3
 Inner Flame              Hex/Fire       20%        N/A       5%          3
 Volatile Blastmotes      Fire/Tloc      40%        2d13      5%          3
 Necrotise                Necr           16%        1d4       14%         1
 Slow                     Hex            16%        N/A       14%         1
 Summon Small Mammal      Summ           16%        N/A       14%         1
 Iskenderun's Mystic Bla  Conj/Tloc      20%        2d6       17%         4
 Starburst                Conj/Fire      18%        6d7       34%         6
 Call Canine Familiar     Summ           4%         N/A       38%         3
 Confusing Touch          Hex            4%         N/A       38%         3
 Summon Guardian Golem    Hex/Summ       4%         N/A       38%         3
 Vampiric Draining        Necr           4%         2d6       38%         3
 Agony                    Necr           4%         N/A       98%         5
 Silence                  Hex/Air        2%         N/A       98%         5


Dungeon Overview and Level Annotations

Branches:
Dungeon (11/15)            Temple (0/1) D:6            Lair (0/5) D:8
    Orc (0/2) D:11        Gauntlet (1/1)

Altars:
Ashenzari
Kikubaaqudgha
Makhleb
Nemelex Xobeh
Qazlal
Sif Muna
Trog
Xom
Zin

Shops:
D:11 !

Annotations:
D:6 exclusion: oklob sapling Gauntlet 9 transporters


Innate Abilities, Weirdness & Mutations

Your serpentine skin is tough. (AC +3)
You have supernaturally acute eyesight. (SInv)
Armour fits poorly on your strangely shaped body.
Your system is resistant to poisons. (rPois)
You cover ground very slowly.
You can spit poison.
You have a snake-like lower body.


Message History

The wolf is severely wounded.
The flame wave engulfs the wolf.
The wolf is severely wounded.
The flame wave engulfs the wolf!
The wolf is moderately wounded.
The flame wave engulfs the moth of wrath!
The moth of wrath is lightly wounded.
The wolf barely misses you. The wolf bites you but does no damage.
The wolf bites you!
* * * LOW HITPOINT WARNING * * *
The wolf bites you!
* * * LOW HITPOINT WARNING * * *
The wolf bites you but does no damage. x2
A wave of flame ripples out!
The flame wave engulfs the wolf.
The wolf is heavily wounded.
The flame wave engulfs the wolf.
The wolf is almost dead.
The flame wave engulfs the wolf!
You kill the wolf!
The flame wave engulfs the moth of wrath!
The moth of wrath is heavily wounded.
You finish channelling waves of flame.
The wolf bites you!
* * * LOW HITPOINT WARNING * * *
The wolf bites you but does no damage. The wolf barely misses you.
The moth of wrath goads the wolf on!
The wolf goes berserk!
The wolf barely misses you.
Unknown command.
Casting: Flame Wave (mildly dangerous; 2% risk of failure)
Confirm with . or Enter, or press ? or * to list all spells.
Casting: Flame Wave (mildly dangerous; 2% risk of failure)
Press: ? - help, Dir - look around, f - activate A wave of flame ripples out!
The flame wave engulfs the wolf.
The wolf is severely wounded.
The flame wave engulfs the wolf!
You kill the wolf! (Press . to intensify the flame waves.)
The wolf bites you.
* * * LOW HITPOINT WARNING * * *
The wolf bites you!
You die...

.......................≈###
..©.....................#8#
########...###########..###
.##.##.#.8.#.........#..#
.#..#..#...#.#.##.##.#..###
.......#####.#..#..#.#..#8#
#.##©###...#.##.##.#[#..###
#.##.###©.©#..#†h#..©#..#
.......#...#..##@##.$#..###
##.##.######...#.†#..#..#8#
##.#####...#.#.##y##.#..###
..©[...#.8.#.......hh#..#
########.§.###########..###
.......§§≈....#.©.#.....#8#
.......§§8§...#...#.8...###
.........≈....#.©.#.....#
########...###########..###


You could see a moth of wrath and a wolf (berserk).

Vanquished Creatures
  A two-headed ogre (D:9)
  A gargoyle (D:11)
  Maggie (D:7)
  An ice devil (Gauntlet)
  A shadow (D:11)
  12 yaks
  3 steam dragons
  2 wraiths (D:10)
  3 wyverns
  3 vampire mosquitoes (D:10)
  A warg (D:11)
  2 water moccasins
  4 orc warriors
  3 ice beasts
  3 hornet zombies (D:7)
  A sky beast (D:7)
  3 wolves (Gauntlet)
  An ogre (D:4)
  2 centaurs
  A phantom (D:3)
  A kobold brigand (D:8)
  A gnoll sergeant (D:9)
  4 bullfrogs
  A wyvern zombie (D:7)
  3 scorpions
  A water moccasin zombie (D:7)
  19 wights
  15 killer bees
  4 howler monkeys (D:9)
  2 electric eels (D:9)
  2 centaur zombies (D:7)
  3 hounds
  A bullfrog zombie (D:7)
  8 orc priests
  2 jellies
  A gnoll bouda (D:10)
  A sleepcap (D:5)
  Crazy Yiuf (D:7)
  10 orc wizards
  6 iguanas
  Robin (D:2)
  A howler monkey zombie (D:7)
  7 adders
  12 gnolls
  2 shadow imps
  5 white imps
  An ufetubus (D:6)
  3 worms
  A dart slug (D:4)
  24 orcs
  9 bats
  9 endoplasms
  4 giant cockroaches
  22 goblins
  16 hobgoblins
  2 jackals (D:2)
  5 quokkas
  11 ball pythons
  2 frilled lizards (D:1)
  13 kobolds
  6 rats
291 creatures vanquished.

Vanquished Creatures (others)
  A human (D:5)
  An orc (D:8)
  11 fungi
  41 plants
  2 withered plants (D:7)
56 creatures vanquished.

Grand Total: 347 creatures vanquished

Notes
Turn   | Place    | Note
-------+----------+-------------------------------------------
     0 | D:1      | BubbleThief the Naga Cinder Acolyte began the quest for the
                  | Orb.
     0 | D:1      | Reached XP level 1. HP: 21/21 MP: 2/2
   118 | D:1      | Reached XP level 2. HP: 23/28 MP: 3/3
   121 | D:1      | Learned a level 2 spell: Scorch
   352 | D:1      | Reached XP level 3. HP: 14/34 MP: 1/4
  1209 | D:2      | Noticed Robin
  1220 | D:2      | Reached XP level 4. HP: 23/42 MP: 0/6
  1224 | D:2      | Killed Robin
  1746 | D:2      | Reached XP level 5. HP: 32/49 MP: 0/8
  1855 | D:2      | Learned a level 4 spell: Flame Wave
  2379 | D:3      | Reached skill level 1 in Conjurations
  2715 | D:3      | Noticed a phantom
  2723 | D:3      | Killed a phantom
  2724 | D:3      | Reached XP level 6. HP: 56/56 MP: 2/10
  3107 | D:4      | Found a broken altar of Ashenzari.
  3358 | D:4      | Reached XP level 7. HP: 30/62 MP: 2/12
  3492 | D:4      | You fall into a shaft and drop 3 floors!
  3515 | D:7      | Reached skill level 5 in Fire Magic
  3654 | D:7      | Reached XP level 8. HP: 69/69 MP: 6/14
  3669 | D:7      | Reached skill level 5 in Conjurations
  3914 | D:7      | Noticed Maggie
  3936 | D:7      | Killed Maggie
  4077 | D:6      | Reached skill level 5 in Spellcasting
  4248 | D:6      | Reached XP level 9. HP: 76/76 MP: 8/16
  4328 | D:6      | Found a staircase to the Ecumenical Temple.
  4346 | D:6      | Found a bloodstained altar of Trog.
  4383 | D:6      | Found a sparkling altar of Nemelex Xobeh.
  4777 | D:5      | Entered Level 5 of the Dungeon
  5073 | D:5      | Found an ancient bone altar of Kikubaaqudgha.
  5663 | D:4      | Found a burning altar of Makhleb.
  5779 | D:4      | Found a shimmering altar of Xom.
  5779 | D:4      | Found a glowing silver altar of Zin.
  5781 | D:4      | Found a stormy altar of Qazlal.
  5944 | D:6      | Learned a level 4 spell: Sticky Flame
  6168 | D:7      | Identified the +4 chain mail of the Ladybird {Str+10}
  6380 | D:7      | Found a shimmering blue altar of Sif Muna.
  6562 | D:7      | Reached XP level 10. HP: 66/84 MP: 12/19
  6666 | D:7      | Found a runed translucent door.
  6667 | D:7      | Noticed Crazy Yiuf
  6672 | D:7      | Killed Crazy Yiuf
  7219 | D:8      | Reached skill level 10 in Conjurations
  7533 | D:8      | Reached skill level 10 in Fire Magic
  7958 | D:8      | Found a staircase to the Lair.
  8031 | D:8      | Identified a scroll of acquirement
  8054 | D:9      | Noticed a two-headed ogre
  8069 | D:9      | Killed a two-headed ogre
  8177 | D:9      | Reached skill level 5 in Maces & Flails
  8180 | D:9      | Reached skill level 5 in Fighting
  8180 | D:9      | Reached XP level 11. HP: 73/94 MP: 8/20
  9030 | D:10     | Entered Level 10 of the Dungeon
  9952 | D:11     | Found Duacecs's Distillery.
  9982 | D:11     | Found a gate leading to a gauntlet.
  9991 | Gauntlet | Entered a Gauntlet
  9991 | Gauntlet | Noticed a green ugly thing
  9991 | Gauntlet | Noticed a great orb of eyes
  9991 | Gauntlet | Noticed a cyan ugly thing
  9991 | Gauntlet | Found a transporter.
  9991 | Gauntlet | Found a transporter.
  9991 | Gauntlet | Found a transporter.
 10011 | Gauntlet | Found a transporter.
 10020 | Gauntlet | Noticed a moth of wrath
 10027 | Gauntlet | Found a transporter.
 10036 | Gauntlet | Found a transporter.
 10052 | Gauntlet | Found a transporter.
 10061 | Gauntlet | Found a transporter.
 10067 | Gauntlet | Found a transporter.
 10069 | Gauntlet | Found the +2 cloak of the Thief {*Fog Slay-2 SInv Stlth+}
 10070 | Gauntlet | Noticed a soul eater
 10077 | Gauntlet | Noticed a wizard
 10080 | Gauntlet | Noticed a wizard
 10081 | Gauntlet | Found a transporter.
 10086 | Gauntlet | Found a transporter.
 10115 | Gauntlet | Found a transporter.
 10280 | Gauntlet | Slain by a wolf

Illustrated notes

Levels and vault maps discovered:
D:1:      eino_arrival_tree_alley, layout_basic, minmay_small_reverse_x
D:2:      layout_loops_ring, st_stairs_14, minmay_quantized, uniq_robin
D:3:      layout_loops_ring
D:4:      layout_rooms, nicolae_overflow_hidden_temple
D:5:      layout_cave_pools, tgw_kikubaaqudgha
D:6:      layout_cave_pools, trog_three_pillars_becter,
          mainiacjoe_overflow_paths, minmay_temple_entry_oklob,
          kennysheep_generic_room_4
D:7:      layout_basic, lemuel_coloured_pillars_altar, serial_undead,
          serial_undead_e, serial_undead_c, serial_undead_c, serial_undead_c,
          serial_undead_e, serial_undead_a, uniq_crazy_yiuf_cottage, uniq_maggie
D:8:      layout_loops_ring, grunt_lair_entry_orc_guard_hut, enter_bailey_5
D:9:      layout_roguey, fountainhead
D:10:     layout_roguey
D:11:     layout_irregular_city, david_orc_3, serial_shops, nicolae_square_shop,
          portal_ice_cave_entry_pillars_2, gauntlet_entry_generic, uniq_snorg
Gauntlet: gammafunk_gauntlet_shortcut [gammafunk_gauntlet_arena_split_diamond,
          gammafunk_gauntlet_arena_arrow_garden,
          gammafunk_gauntlet_arena_crates, nicolae_gauntlet_arena_grate_2,
          gammafunk_gauntlet_arena_split_x, gammafunk_gauntlet_arena_chambers,
          dreamdust_gauntlet_exit_labyrinth]

Skill      XL: |  1  2  3  4  5  6  7  8  9 10 11 |
---------------+----------------------------------+-----
Spellcasting   | 2 3 4 5 6 |  6.0
Fire Magic     | 4 5 6 8 10 | 10.0
Conjurations   | 2 3 4 6 8 10 | 10.0
Maces & Flails | 5 7 |  7.6
Fighting       | 5 7 |  7.4

Action                     |  1- 3 |  4- 6 |  7- 9 | 10-12 || total
---------------------------+-------+-------+-------+-------++-------
  Melee: Mace              |    96 |    87 |   151 |   144 ||   478
         Punch             |       |       |     2 |     3 ||     5
   Cast: Scorch            |     9 |    48 |    62 |    15 ||   134
         Flame Wave        |       |       |     8 |    24 ||    32
         Sticky Flame      |       |       |    10 |    37 ||    47
 Invoke: Fiery Armour      |       |     1 |     1 |       ||     2
Ability: Spit Poison       |    21 |    17 |     6 |     3 ||    47
    Use: Scroll            |       |       |     1 |    11 ||    12
 Armour: Robe              |    33 |    59 |   133 |    23 ||   248
         Steam dragon scal |       |       |       |   121 ||   121
  Dodge: Dodged            |    47 |    89 |   119 |   143 ||   398

Table legend: (Time is in decaauts)
 A = Elapsed time spent in this place.
 B = Non-inter-level travel time spent in this place.
 C = Inter-level travel time spent in this place.
 D = Time resting spent in this place.
 E = Time spent auto-exploring this place.
 F = Levels seen in this place.
 G = Mean time per level.
                   A        B        C        D        E       F      G
               +--------+--------+--------+--------+--------+-----+--------+
         Total |  12650 |  12257 |    393 |    788 |   9318 |  12 | 1054.2 |
       Dungeon |  12284 |  11891 |    393 |    725 |   9110 |  11 | 1116.7 |
      Gauntlet |    365 |    365 |      0 |     63 |    208 |   1 |  365.0 |
               +--------+--------+--------+--------+--------+-----+--------+

Top non-repeatable levels by time:
     D:7: 1831 daAuts
     D:2: 1496 daAuts
     D:8: 1311 daAuts
     D:1: 1307 daAuts
     D:3: 1175 daAuts
    D:10: 1088 daAuts
     D:6: 1075 daAuts
     D:9: 1054 daAuts
     D:4: 951 daAuts
     D:5: 854 daAuts
Gauntlet: 365 daAuts
    D:11: 139 daAuts
